 Dungeon Crawl Stone Soup version 0.28-a0-1152-g9c71ebef14 (webtiles) character file.

Game seed: 8763181442593140278

1861 Gwenloh the Covert (level 8, -10/41 HPs)
             Began as a Vampire Enchanter on Dec 14, 2021.
             Was an Initiate of Ashenzari.
             Mangled by Maggie (20 damage)
             ... on level 7 of the Dungeon on Dec 15, 2021.
             The game lasted 00:39:28 (6652 turns).

Gwenloh the Covert (Vampire Enchanter)              Turns: 6652, Time: 00:39:28

Health: -10/41     AC:  2    Str:  7    XL:     8   Next: 89%
Magic:  6/14       EV: 14    Int: 20    God:    Ashenzari [......]
Gold:   299        SH:  0    Dex: 14    Spells: 1/15 levels left

rFire   + . .      SeeInvis +   y - +3 dagger (venom)
rCold   + + .      Faith    .   (no shield)
rNeg    + + +      Spirit   .   b - +0 robe "All-seeing Doubts" {Alch, Bglg} (curse)
rPois   ∞          Reflect  .   (no helmet)
rElec   .          Harm     .   (no cloak)
rCorr   .          Rampage  .   (no gloves)
Will    .....                   (no boots)
Stlth   +++++++...              u - amulet of regeneration
HPRegen 0.00/turn               w - ring of wizardry
MPRegen 0.14/turn               v - ring of protection from fire

@: bloodless, inhibited regen
A: bloodless, fangs 3, see invisible, vampiric 2
a: Bat Form, Revivify, Renounce Religion, Shatter the Chains


You were on level 7 of the Dungeon.
You worshipped Ashenzari.
Ashenzari was noncommittal.
You visited 2 branches of the dungeon, and saw 8 of its levels.

You collected 321 gold pieces.
You spent 22 gold pieces at shops.

Inventory:

Hand Weapons
 a - a +1 dagger
 e - a +2 dagger of freezing
 y - a +3 dagger of venom (weapon)
Armour
 b - the cursed +0 robe "All-seeing Doubts" (worn) {Alch, Bglg}

   It has a curse which improves the following skills: Alchemy: Poison Magic and
   Transmutations.
   Beguiling: Conjurations, Hexes and Translocations.
 A - a +0 leather armour
Jewellery
 u - an amulet of regeneration (around neck)
 v - a ring of protection from fire (right hand)
 w - a ring of wizardry (left hand)
Scrolls
 h - a scroll of blinking
 i - 2 scrolls of fear
 j - 2 scrolls of teleportation
 l - a scroll of magic mapping
 m - a scroll of amnesia
 n - 4 scrolls of enchant weapon
 o - 2 scrolls of noise
 r - a scroll of summoning {unknown}
 s - a scroll of immolation {unknown}
Potions
 c - a potion of lignification {unknown}
 d - a potion of flight {unknown}
 f - a potion of magic {unknown}
 g - 2 potions of curing {unknown}
 k - a potion of brilliance {unknown}
 p - a potion of mutation {unknown}
 q - a potion of might {unknown}
 t - a potion of attraction {unknown}
 x - a potion of degeneration {unknown}
 z - a potion of resistance {unknown}


   Skills:
 + Level 4.8 Short Blades
 + Level 5.1 Dodging
 * Level 10.7 Stealth
 + Level 4.3 Spellcasting
 * Level 9.9(10.4) Hexes


You had one spell level left.
You knew the following spells:

 Your Spells              Type           Power      Damage    Failure   Level
a - Ensorcelled Hibernat  Hex/Ice        50%        N/A       1%          2
b - Confusing Touch       Hex            46%        N/A       1%          3
c - Tukima's Dance        Hex            46%        N/A       1%          3
d - Dazzling Flash        Conj/Hex       50%        N/A       1%          3
e - Summon Guardian Gole  Hex/Summ       25%        N/A       1%          3

Your spell library contained the following spells:

 Spells                   Type           Power      Damage    Failure   Level
 Slow                     Hex            100%       N/A       1%          1
 Summon Small Mammal      Summ           16%        N/A       5%          1
 Call Canine Familiar     Summ           4%         N/A       16%         3
 Conjure Flame            Conj/Fire      4%         6-21      16%         3
 Ignite Poison            Fire/Tmut/Pois 4%         N/A       16%         3
 Spider Form              Tmut/Pois      4%         N/A       16%         3
 Vampiric Draining        Necr           4%         2d6       16%         3
 Sticky Flame             Conj/Fire      4%         2d3       43%         4


Dungeon Overview and Level Annotations

Branches:
Dungeon (7/15)             Temple (1/1) D:5

Altars:
Ashenzari
Dithmenos
Elyvilon
Gozag
Kikubaaqudgha
Makhleb
Nemelex Xobeh
Okawaru
Qazlal
Ru
Sif Muna
Trog
Uskayaw
Vehumet
Wu Jian
Xom
Yredelemnul
Zin
The Shining One

Shops:
D:1 ?   D:4 (   D:6 *

Annotations:
D:4 Menkaure
D:7 Maggie


Innate Abilities, Weirdness & Mutations

You do not regenerate when monsters are visible.
You are frail without blood (-20% HP).
You can heal yourself when you bite living creatures.
You are immune to poison.
You have razor-sharp teeth.
You have supernaturally acute eyesight. (SInv)
You are afflicted with vampirism and can become a bat while bloodless.


Message History

You hit the shadow imp but do no damage.
The shadow imp appears confused.
The shadow imp closely misses you.
You hit the shadow imp but do no damage.
You bite the shadow imp.
The shadow imp is lightly wounded.
You catch the helpless shadow imp completely off-guard!
You impale the shadow imp!!
You kill the shadow imp!
Casting: Confusing Touch (safe; 1% risk of failure)
Confirm with . or Enter, or press ? or * to list all spells.
Aiming: Ensorcelled Hibernation (safe; 1% risk of failure)
Press: ? - help, Shift-Dir - straight line, f - Maggie
Aim: Maggie, wielding a +2 broad axe of flaming and wearing +0 acid dragon scales (mesmerising, chance to affect: 54%) Maggie resists with significant effort.
Maggie casts a spell.
Maggie draws you further into her thrall.
Casting: Ensorcelled Hibernation (safe; 1% risk of failure)
Confirm with . or Enter, or press ? or * to list all spells.
Aiming: Ensorcelled Hibernation (safe; 1% risk of failure)
Press: ? - help, Shift-Dir - straight line, f/p - Maggie
Aim: Maggie, wielding a +2 broad axe of flaming and wearing +0 acid dragon scales (mesmerising, chance to affect: 54%) Maggie resists with significant effort.
Casting: Ensorcelled Hibernation (safe; 1% risk of failure)
Confirm with . or Enter, or press ? or * to list all spells.
Your hands begin to glow red.
Maggie hits you with a +2 broad axe of flaming!!
Ouch! That really hurt!
Maggie burns you.
* * * LOW HITPOINT WARNING * * *
You hit Maggie but do no damage.
Maggie appears confused.
You are no longer entranced.
You hit Maggie.
Maggie is poisoned.
Maggie is lightly wounded.
Maggie barely misses you.
You hit Maggie.
Maggie looks as sick as possible!
Maggie is lightly wounded.
You hit Maggie.
Maggie looks as sick as possible!
Maggie is moderately wounded.
Maggie hits you with a +2 broad axe of flaming!!
You die...

#..##.#.......######
...##.#.......#
@..........<..###
##.####.........####
#..)..........
#............. #
####........(.
#...###############....)
......@@................
#...###############))...
# #).... #....# #....#
#.)..# #....# ######


You could see Maggie (confused, extremely poisoned).

Vanquished Creatures
  Pikel (D:4)
  Prince Ribbit (D:5)
  An ice beast (D:6)
  A centaur (D:3)
  3 lemures
  Blork the orc (D:6)
  A kobold brigand (D:7)
  3 scorpions (D:6)
  A water moccasin zombie (D:5)
  3 centaur zombies
  A centaur skeleton (D:7)
  2 hounds
  A jelly (D:6)
  An orc priest (D:4)
  Natasha (twice) (D:4)
  An iguana (D:4)
  5 orc wizards
  5 adders
  5 gnolls
  A shadow imp (D:7)
  An adder skeleton (D:4)
  2 worms
  14 orcs
  10 bats
  7 endoplasms
  5 giant cockroaches
  10 goblins
  10 hobgoblins
  4 jackals
  11 kobolds
  3 quokkas
  6 ball pythons
  A frilled lizard (D:1)
  3 rats
127 creatures vanquished.

Vanquished Creatures (collateral kills)
  2 gnolls (D:4)
  An orc (D:4)
3 creatures vanquished.

Vanquished Creatures (others)
  2 dancing weapons (D:4)
  5 plants (D:1)
7 creatures vanquished.

Grand Total: 137 creatures vanquished

Notes
Turn   | Place    | Note
-------+----------+-------------------------------------------
     0 | D:1      | Gwenloh the Vampire Enchanter began the quest for the Orb.
     0 | D:1      | Reached XP level 1. HP: 13/13 MP: 3/3
    44 | D:1      | Found a faded altar of an unknown god.
   219 | D:1      | Reached XP level 2. HP: 13/19 MP: 5/5
   354 | D:1      | Learned a level 2 spell: Ensorcelled Hibernation
   771 | D:1      | Reached skill level 5 in Hexes
   774 | D:1      | Reached skill level 5 in Stealth
   896 | D:1      | Found Dinux's Magic Scroll Boutique.
   938 | D:1      | Bought a scroll of identify for 22 gold pieces
  1097 | D:1      | Gained mutation: You are afflicted with vampirism and can
                  | become a bat while bloodless. [Vampire growth]
  1097 | D:1      | Reached XP level 3. HP: 22/24 MP: 6/6
  1101 | D:1      | Learned a level 3 spell: Confusing Touch
  2164 | D:3      | Reached XP level 4. HP: 30/30 MP: 7/7
  2253 | D:3      | Noticed a centaur
  3054 | D:4      | Reached skill level 6 in Stealth
  3054 | D:4      | Reached XP level 5. HP: 35/35 MP: 5/8
  3084 | D:4      | Learned a level 3 spell: Tukima's Dance
  3679 | D:4      | Found Tacedeg's Antique Weapon Shoppe.
  3691 | D:4      | Noticed Pikel
  3691 | D:4      | Noticed a lemure
  3691 | D:4      | Noticed a lemure
  3693 | D:4      | Noticed a lemure
  3694 | D:4      | Noticed a lemure
  3795 | D:4      | Killed a lemure
  3798 | D:4      | Killed a lemure
  3914 | D:3      | Killed a lemure
  3923 | D:3      | Killed a centaur
  3924 | D:3      | Reached XP level 6. HP: 12/41 MP: 3/10
  4061 | D:4      | Killed Pikel
  4062 | D:4      | Reached skill level 8 in Stealth
  4062 | D:4      | Reached XP level 7. HP: 31/46 MP: 0/12
  4157 | D:3      | Learned a level 3 spell: Dazzling Flash
  4334 | D:4      | Found a burning altar of Makhleb.
  4334 | D:4      | Found a broken altar of Ashenzari.
  4335 | D:4      | Found a radiant altar of Vehumet.
  4397 | D:4      | Noticed Natasha
  4397 | D:4      | Noticed Menkaure
  4501 | D:4      | Killed Natasha
  4585 | D:4      | Noticed Natasha
  4683 | D:4      | Killed Natasha
  4940 | D:4      | Found an ornate altar of the Wu Jian Council.
  4975 | D:4      | Reached skill level 9 in Stealth
  5015 | D:5      | Entered Level 5 of the Dungeon
  5100 | D:5      | Reached XP level 8. HP: 41/41 MP: 10/13
  5105 | D:5      | Learned a level 3 spell: Summon Guardian Golem
  5122 | D:5      | Found a staircase to the Ecumenical Temple.
  5279 | D:5      | Noticed Prince Ribbit
  5295 | D:5      | Killed Prince Ribbit
  5455 | Temple   | Entered the Ecumenical Temple
  5752 | D:4      | Became a worshipper of Ashenzari the Shackled
  5937 | D:6      | Found Roidysm's Mass Market.
  5941 | D:6      | Noticed Blork the orc
  5950 | D:6      | Killed Blork the orc
  5951 | D:6      | Reached skill level 10 in Stealth
  6465 | D:7      | Reached skill level 5 in Dodging
  6614 | D:7      | Noticed Maggie
  6652 | D:7      | Mangled by Maggie

Illustrated notes

Levels and vault maps discovered:
D:1:      minmay_arrival_doors, layout_basic, ebering_ecumenical_altar_hall,
          serial_shops, nicolae_shop_waterfront, chequers_big_river
D:2:      wander_river, layout_basic
D:3:      layout_rooms
D:4:      layout_rooms, nicolae_overflow_quartered_altars,
          nicolae_ossuary_entry_plus, serial_shops, nicolae_shop_crystal,
          uniq_menkaure, uniq_pikel, uniq_natasha
D:5:      layout_cave_pools, minmay_temple_entry_glass, uniq_prince_ribbit1
D:6:      layout_basic, minmay_shop_mass, minmay_misc_feat_iff,
          uniq_blork_the_orc
D:7:      layout_basic, uniq_maggie
Temple:   regret_index_temple_generic_petals

Skill      XL: |  1  2  3  4  5  6  7  8 |
---------------+-------------------------+-----
Hexes          | 5 6 7 8 9 |  9.9
Stealth        | 5 6 8 9 10 | 10.7
Short Blades   | 2 3 4 |  4.8
Dodging        | 3 4 5 |  5.1
Spellcasting   | 3 4 |  4.3

Action                   |  1- 3 |  4- 6 |  7- 9 || total
-------------------------+-------+-------+-------++-------
Melee: Dagger            |   139 |    91 |   138 ||   368
       Bite              |     9 |     2 |     8 ||    19
 Cast: Ensorcelled Hiber |    18 |    31 |    13 ||    62
       Confusing Touch   |     1 |     7 |     9 ||    17
       Tukima's Dance    |       |     6 |       ||     6
       Dazzling Flash    |       |       |     1 ||     1
Invok: Curse Item        |       |       |     1 ||     1
 Abil: Exsanguinate      |       |       |     1 ||     1
  Use: Scroll            |     1 |       |     6 ||     7
       Potion            |       |     2 |       ||     2
 Stab: Sleeping          |    20 |    20 |    24 ||    64
       Confused          |       |     4 |     6 ||    10
       Invisible         |       |     3 |     1 ||     4
       Distracted        |       |       |     2 ||     2
Armor: Robe              |    32 |     8 |    10 ||    50
Dodge: Dodged            |    83 |    89 |    68 ||   240

Table legend: (Time is in decaauts)
 A = Elapsed time spent in this place.
 B = Non-inter-level travel time spent in this place.
 C = Inter-level travel time spent in this place.
 D = Time resting spent in this place.
 E = Time spent auto-exploring this place.
 F = Levels seen in this place.
 G = Mean time per level.
                   A        B        C        D        E       F      G
               +--------+--------+--------+--------+--------+-----+--------+
         Total |   6668 |   6208 |    460 |    838 |   3571 |   8 |  833.5 |
       Dungeon |   6431 |   6004 |    427 |    838 |   3393 |   7 |  918.7 |
        Temple |    236 |    203 |     33 |      0 |    178 |   1 |  236.0 |
               +--------+--------+--------+--------+--------+-----+--------+

Top non-repeatable levels by time:
     D:1: 1616 daAuts
     D:4: 1410 daAuts
     D:3: 1381 daAuts
     D:2: 726 daAuts
     D:6: 600 daAuts
     D:5: 469 daAuts
  Temple: 236 daAuts
     D:7: 227 daAuts
